 Dungeon Crawl Stone Soup version 0.31-a0-354-g827e0957a7 (webtiles) character file.

Game seed: 587874755341354364

717 bearieblonde the Caller (level 7, -2/27 HPs)
             Began as a Felid Summoner on July 24, 2023.
             Was a Follower of Dithmenos.
             Shot with an arrow by a centaur (9 damage)
             ... on level 7 of the Dungeon.
             The game lasted 01:19:31 (7214 turns).

bearieblonde the Caller (Felid Summoner)            Turns: 7214, Time: 01:19:32

Health: -2/27      AC:  2    Str:  6    XL:     7   Next: 42%
Magic:  14/17      EV: 19    Int: 16    God:    Dithmenos [*.....]
Gold:   264        SH:  0    Dex: 17    Spells: 12/18 levels left
                                        Lives:  0   Deaths: 2

rFire   . .          .
                       - Unarmed
rCold   . . .        (shield unavailable)
rNeg    . . .        (body armour unavailable)
rPois   .            (helmet unavailable)
rElec   .            (cloak unavailable)
rCorr   .            (gloves unavailable)
SInv    +            (boots unavailable)
Will    +....        (no amulet)
Stlth   ++++         (no ring)
HPRegen 0.24/turn    (no ring)
MPRegen 0.15/turn

%: no passive effects
@: wreathed by umbra, quick
A: very small, claws 1, fangs 3, see invisible, speed 1, shaggy fur 2, stealthy
paws, no weapons or thrown items, no armour, multi-lived
a: Renounce Religion


You were on level 7 of the Dungeon.
You worshipped Dithmenos.
Dithmenos was aware of your devotion.
You visited 2 branches of the dungeon, and saw 8 of its levels.
You also visited: Sewer.

You collected 264 gold pieces.

Inventory:

Wands
 c - a wand of digging (10)
 j - a wand of flame (11)
 p - a wand of roots (6)
Scrolls
 e - 2 scrolls of identify
 h - 3 scrolls of teleportation
 k - a scroll of fog {unknown}
 m - a scroll of brand weapon {unknown}
 n - a scroll of immolation {unknown}
 q - a scroll of amnesia
Potions
 a - a potion of magic
 b - 2 potions of curing
 d - 4 potions of might
 f - 3 potions of heal wounds
 g - 3 potions of mutation
 i - 2 potions of invisibility
 l - a potion of berserk rage {unknown}
 o - 3 potions of brilliance
 r - a potion of enlightenment {unknown}
 s - a potion of haste {unknown}
 t - a potion of attraction {unknown}


   Skills:
 * Level 5.0 Dodging
 * Level 5.5 Stealth
 + Level 1.0 Unarmed Combat
 * Level 6.3 Spellcasting
 * Level 1.4 Hexes
 * Level 7.4 Summonings
 * Level 1.3 Air Magic


You had 12 spell levels left.
You knew the following spells:

 Your Spells              Type           Power      Damage    Failure   Level
a - Summon Small Mammal   Summ           100%       N/A       1%          1
b - Call Imp              Summ           56%        N/A       1%          2
c - Call Canine Familiar  Summ           28%        N/A       1%          3

Your spell library contained the following spells:

 Spells                   Type           Power      Damage    Failure   Level
 Summon Guardian Golem    Hex/Summ       19%        N/A       6%          3
 Summon Lightning Spire   Summ/Air       19%        N/A       22%         4


Dungeon Overview and Level Annotations

Branches:
Dungeon (7/15)             Temple (1/1) D:5           Sewer (visited)

Altars:
Ashenzari
Cheibriados
Dithmenos
Fedhas
Gozag
Hepliaklqana
Kikubaaqudgha
Makhleb
Nemelex Xobeh
Okawaru
Qazlal
Ru
Sif Muna
Trog
Uskayaw
Wu Jian
Xom
Yredelemnul
Zin
The Shining One

Shops:
D:6 :

Annotations:
D:6 3 runed translucent doors, Maggie; crabbyslav's ghost, novice OgCA


Innate Abilities, Weirdness & Mutations

You have sharp claws.
You have razor-sharp teeth.
You have supernaturally acute eyesight. (SInv)
You cover ground quickly. (Speed+)
You are covered in thick fur. (AC +2)
Your paws help you pounce on unaware monsters.
You are incapable of wielding weapons or throwing items.
You cannot wear armour.
You gain extra lives every three experience levels.


Message History

Orders for allies: a - Attack new target. r - Retreat! s - Stop attacking. g - Guard the area. f - Follow me.
Anything else - Cancel.
Gang up on whom?
Press: ? - help, Dir - move target, f - orc wizard
Aim: an orc wizard, wielding a +0 dagger and wearing a +0 robe Attack!
Your cerulean imp misses the orc wizard.
Your quokka barely misses the orc wizard.
Your hound barely misses the orc wizard.
Casting: Call Canine Familiar (safe; 1% risk of failure)
Confirm with . or Enter, or press ? or * to list all spells.
A centaur comes into view.
Your quokka bites the orc wizard but does no damage.
Your hound bites the orc wizard.
Your cerulean imp barely misses the orc wizard.
The orc wizard hits your quokka with a +0 dagger.
Your hound bites the orc wizard.
Your quokka bites the orc wizard.
The centaur wields a +0 shortbow.
The centaur shoots an arrow.
The arrow barely misses you.
Your cerulean imp hits the orc wizard from afar with a -2 spear.
The orc wizard dies!
Dithmenos accepts your kill.
Your quokka barely misses the orc wizard.
Your hound barely misses the orc wizard.
Your cerulean imp hits the orc from afar with a -2 spear.
The orc dies!
Dithmenos accepts your kill.
Your quokka bites the orc wizard but does no damage.
The orc wizard casts a spell at you. The magic dart hits you!
Your hound misses the orc wizard.
The centaur shoots an arrow.
The arrow misses you.
Your hound barely misses the orc wizard.
The orc wizard closely misses your quokka.
The centaur shoots an arrow.
The arrow hits you!
* * * LOW HITPOINT WARNING * * *
Your quokka closely misses the centaur.
The centaur shoots an arrow.
The arrow hits you!
You die...

#....).)........#
#.....ho........#
#......rc.......#
#...............+
#.......5...>...##+#####
#......................#
#......................#
#........r.............#
#...........@..........#
#...........####.......#
#.....####### ##'#####..
#.....# #......# #.....#
#<.....+ #.....#
#......# #.....#
######## #######


You could see a centaur (ally target), an orc wizard (invisible, ally target), a
friendly hound (summoned), a friendly cerulean imp (summoned) and 2 friendly
quokkas.

Vanquished Creatures
  A killer bee zombie (D:6)
  A giant cockroach (D:3)
  A ball python (D:1)
3 creatures vanquished.

Vanquished Creatures (collateral kills)
  Menkaure (D:5)
  An ice beast (D:6)
  2 phantoms (D:6)
  Blork the orc (D:5)
  3 bullfrog zombies (D:6)
  2 centaur zombies (D:6)
  3 orc priests
  A sleepcap (D:3)
  3 centaur skeletons (D:6)
  4 jellies
  An iguana (D:4)
  A bullfrog skeleton (D:6)
  Ijyb (D:3)
  4 orc wizards
  Natasha (thrice) (D:3)
  A killer bee zombie (D:6)
  2 howler monkey zombies (D:6)
  3 gnolls (D:5)
  7 adders
  A river rat (Sewer)
  A shadow imp (D:6)
  3 white imps
  An ufetubus (D:6)
  2 dart slugs
  15 orcs
  7 ball pythons
  6 bats
  9 endoplasms
  9 giant cockroaches
  16 hobgoblins
  4 jackals (D:4)
  3 quokkas
  7 frilled lizards
  9 goblins
  7 kobolds
  8 rats
152 creatures vanquished.

Grand Total: 155 creatures vanquished

Notes
Turn   | Place    | Note
-------+----------+-------------------------------------------
     0 | D:1      | bearieblonde the Felid Summoner began the quest for the
                  | Orb.
     0 | D:1      | Reached XP level 1. HP: 7/7 MP: 4/4
   403 | D:1      | Reached XP level 2. HP: 11/11 MP: 1/6
  1222 | D:2      | Learned a level 2 spell: Call Imp
  1268 | D:2      | Found a faded altar of an unknown god.
  1319 | D:2      | Reached XP level 3. HP: 14/14 MP: 3/7
  1728 | D:2      | Identified the +4 short sword of Nukhihuss {heavy, rN+
                  | Int+5}
  1898 | D:2      | Reached XP level 4. HP: 18/18 MP: 5/8
  2574 | D:3      | Reached skill level 5 in Summonings
  2666 | D:3      | Noticed Ijyb
  2698 | D:3      | Killed Ijyb
  2699 | D:3      | Reached XP level 5. HP: 21/21 MP: 1/10
  2858 | D:3      | Noticed Natasha
  2882 | D:3      | Killed Natasha
  2909 | D:3      | Learned a level 3 spell: Call Canine Familiar
  2980 | D:3      | Noticed Natasha
  2997 | D:3      | Killed Natasha
  2998 | D:3      | Reached skill level 1 in Unarmed Combat
  3444 | D:3      | Noticed Natasha
  3654 | D:3      | Killed Natasha
  3882 | D:3      | Slain by an adder
  3883 | D:3      | Reached XP level 4. HP: 0/18 MP: 6/9
  3933 | D:3      | Reached XP level 5. HP: 21/21 MP: 0/11
  4407 | D:4      | Found a shimmering blue altar of Sif Muna.
  4430 | D:4      | Found a burning altar of Makhleb.
  4558 | D:4      | Gained mutation: You are covered in thick fur. (AC +2)
                  | [Felid growth]
  4558 | D:4      | Reached XP level 6. HP: 24/24 MP: 6/12
  4688 | D:4      | Reached skill level 6 in Summonings
  4821 | D:4      | Found a stormy altar of Qazlal.
  4825 | D:4      | Noticed a water elemental
  4834 | D:4      | Noticed a fire elemental
  4834 | D:4      | Noticed an air elemental
  5018 | D:5      | Entered Level 5 of the Dungeon
  5351 | D:5      | Found a staircase to the Ecumenical Temple.
  5394 | Temple   | Entered the Ecumenical Temple
  5405 | Temple   | Became a worshipper of Dithmenos the Shadowed
  5523 | D:5      | Noticed Blork the orc
  5610 | D:5      | Noticed Menkaure
  5623 | D:5      | Killed Menkaure
  5624 | D:5      | Reached XP level 7. HP: 27/27 MP: 8/14
  5690 | D:5      | Killed Blork the orc
  5762 | D:5      | Found a glowing drain.
  5772 | Sewer    | Entered a sewer
  5976 | Sewer    | Reached * piety under Dithmenos
  5978 | Sewer    | Found a shimmering altar of Xom.
  6006 | Sewer    | Reached skill level 5 in Spellcasting
  6315 | D:6      | Reached skill level 5 in Stealth
  6315 | D:6      | Reached skill level 1 in Air Magic
  6423 | D:6      | Found a runed translucent gate.
  6424 | D:6      | Found a runed translucent gate.
  6424 | D:6      | Found a runed translucent gate.
  6424 | D:6      | Noticed crabbyslav's ghost (novice OgCA)
  6426 | D:6      | Identified the +1 chain mail of Impermeability {Int+3}
  6449 | D:6      | Reached skill level 1 in Hexes
  6449 | D:6      | Reached skill level 7 in Summonings
  6449 | D:6      | Reached XP level 8. HP: 31/31 MP: 8/17
  6611 | D:6      | Found Faeffoh's Book Boutique.
  6854 | D:6      | Reached skill level 5 in Dodging
  6954 | D:6      | Noticed Maggie
  7004 | D:6      | Killed from afar by Maggie
  7005 | D:6      | Reached XP level 7. HP: -3/27 MP: 14/17
  7214 | D:7      | Shot with an arrow by a centaur

Illustrated notes

Levels and vault maps discovered:
D:1:      dpeg_arrival_arbitrary_a, layout_basic, st_stairs_1, bh_walls_and_bars
D:2:      layout_loops_cross, hellmonk_ecumenical_altar_lost_god
D:3:      layout_loops_ring, minmay_misc_feat_plants, roderic_serpentine_path,
          uniq_natasha, uniq_crazy_yiuf_cottage, uniq_ijyb
D:4:      layout_cave_pools, mainiacjoe_overflow_paths,
          nicolae_qazlal_style_of_elements, lemuel_crystal_altar,
          serial_park_tiny_pond
D:5:      layout_rooms, minmay_temple_entry_nine_rooms, portal_sewer_entry_b,
          uniq_blork_the_orc, uniq_menkaure
D:6:      layout_cave_pools, biasface_ghost_orc_armoury, serial_shops, shop,
          serial_undead, serial_undead_d, serial_undead_a, serial_undead_e,
          serial_undead_a, serial_undead_d, uniq_maggie
D:7:      layout_gridville, vehumet_statue, uniq_pikel
Temple:   sentei_temple_godly_chess

Skill      XL: |  1  2  3  4  5  6  7  8 |
---------------+-------------------------+-----
Stealth        | 3 4 5 |  5.5
Dodging        | 3 4 5 |  5.0
Summonings     | 5 6 7 |  7.4
Unarmed Combat | 1 |  1.0
Spellcasting   | 3 4 5 6 |  6.3
Air Magic      | 1 |  1.3
Hexes          | 1 |  1.4

Action                     |  1- 3 |  4- 6 |  7- 9 || total
---------------------------+-------+-------+-------++-------
  Melee: Unarmed           |     4 |    10 |    25 ||    39
         Bite              |       |     2 |     1 ||     3
         Punch             |       |       |     1 ||     1
   Cast: Summon Small Mamm |    62 |   141 |    63 ||   266
         Call Imp          |     7 |    57 |    17 ||    81
         Call Canine Famil |       |    11 |    18 ||    29
    Use: Scroll            |     4 |     2 |     4 ||    10
 Armour: Skin              |     4 |     3 |     1 ||     8
  Dodge: Dodged            |    20 |    42 |    37 ||    99

Table legend: (Time is in decaauts)
 A = Elapsed time spent in this place.
 B = Non-inter-level travel time spent in this place.
 C = Inter-level travel time spent in this place.
 D = Time resting spent in this place.
 E = Time spent auto-exploring this place.
 F = Levels seen in this place.
 G = Mean time per level.
                   A        B        C        D        E       F      G
               +--------+--------+--------+--------+--------+-----+--------+
         Total |   6379 |   5769 |    610 |    692 |   1892 |   9 |  708.8 |
       Dungeon |   6038 |   5439 |    599 |    692 |   1770 |   7 |  862.6 |
        Temple |     16 |      5 |     11 |      0 |      0 |   1 |   16.0 |
         Sewer |    324 |    324 |      0 |      0 |    121 |   1 |  324.0 |
               +--------+--------+--------+--------+--------+-----+--------+

Top non-repeatable levels by time:
     D:3: 1602 daAuts
     D:1: 1032 daAuts
     D:2: 920 daAuts
     D:4: 911 daAuts
     D:6: 803 daAuts
     D:5: 737 daAuts
   Sewer: 324 daAuts
     D:7: 30 daAuts
  Temple: 16 daAuts
